 Dungeon Crawl Stone Soup version 0.31.0-12-g77e489cdc1 (webtiles) character file.

Game seed: 13489339160735471653

61 Doomgape the Trooper (level 4, -1/29 HPs)
             Began as a Gargoyle Fighter on Feb 26, 2024.
             Slain by Sigmund
             ... wielding a +0 scythe
              (4 damage)
             ... on level 3 of the Dungeon.
             The game lasted 00:03:06 (1698 turns).

Doomgape the Trooper (Gargoyle Fighter)             Turns: 1698, Time: 00:03:07

Health: -1/29      AC: 10    Str: 21    XL:     4   Next: 7%
Magic:  4/4        EV:  9    Int:  9    God:
Gold:   156        SH:  0    Dex:  9    Spells: 3/3 levels left

rFire   . . .        a - +0 flail (venom)
rCold   . . .        c - +0 buckler
rNeg    + . .        b - +0 scale mail
rPois   ∞            (no helmet)
rElec   +            (no cloak)
rCorr   .            (no gloves)
SInv    .            (no boots)
Will    .....        (no amulet) Stlth
                     (no ring)
HPRegen 0.24/turn    (no ring)
MPRegen 0.09/turn

%: no passive effects
@: confused
A: sickness immunity, AC +3, negative energy resistance 1, electricity
resistance, torment resistance 1, petrification resistance
a: no special abilities


You were on level 3 of the Dungeon.
You visited 1 branch of the dungeon, and saw 3 of its levels.

You collected 156 gold pieces.

Inventory:

Hand Weapons
 a - a +0 flail of venom (weapon)
Armour
 b - a +0 scale mail (worn)
 c - a +0 buckler (worn)
Jewellery
 g - a +6 ring of intelligence
 i - a ring of ice
Scrolls
 e - 2 scrolls of vulnerability
 k - a scroll of blinking
 l - a scroll of butterflies {unknown}
Potions
 d - a potion of might
 f - a potion of resistance
 h - 2 potions of enlightenment {unknown}
 j - a potion of curing {unknown}


   Skills:
 + Level 4.1 Fighting
 + Level 2.8 Maces & Flails
 + Level 4.0 Armour
 - Level 3.2 Shields


You had 3 spell levels left.
You didn't know any spells.
Your spell library contained the following spells:

 Spells                   Type           Power      Damage    Failure   Level
 Dazzling Flash           Conj/Hex       0%         N/A       98%         3
 Mephitic Cloud           Conj/Alch/Air  0%         N/A       98%         3
 Curse of Agony           Necr           0%         N/A       100%        5
 Silence                  Hex/Air        0%         N/A       100%        5


Dungeon Overview and Level Annotations

Branches:
Dungeon (3/15)

Altars:
Ashenzari

Annotations:
D:3 Sigmund


Innate Abilities, Weirdness & Mutations

You are immune to sickness and miasma.
Your stone body is resilient. (AC +3)
You are immune to poison.
You resist negative energy. (rN+)
You are resistant to electric shocks. (rElec)
You are resistant to unholy torment.
You are immune to petrification.


Message History

You are confused.
Something hits you!
You bump into the rock wall.
You bump into the rock wall.
Something hits you but does no damage.
You bump into the rock wall.
You hear some strange, mumbled words.
You are more confused.
You sock something! Something hits you.
You're too confused to move!
You miss something. Something hits you.
You bump into the rock wall.
Something hits you.
You bump into the rock wall.
You hear some strange, mumbled words.
A puff of flame appears from out of thin air!
The puff of flame hits you.
You miss something. Something hits you but does no damage.
You bump into the rock wall.
You bump into the rock wall.
Something hits you.
You feel less confused. Something hits you.
You closely miss something. Something hits you.
* * * LOW HITPOINT WARNING * * *
You thump something! You block something's attack.
You barely miss something. Something hits you.
* * * LOW HITPOINT WARNING * * *
You barely miss something. Something hits you but does no damage.
You closely miss something.
You hear some strange, mumbled words.
A puff of flame appears from out of thin air!
The puff of flame misses you.
You miss something. Something hits you but does no damage.
You miss something.
You hear some strange, mumbled words.
You are confused.
You bump into the rock wall.
Something hits you.
* * * LOW HITPOINT WARNING * * *
You bump into the rock wall.
Something hits you but does no damage.
You closely miss something. You closely miss something. Something hits you.
You die...

####### .......
....... ##########
....... #........#
......)#####.........
.......{@............
.......#####........#
####### #........#
#####..####.
#........# #........#
#........# #........#
####.#####


There were no monsters in sight!

Vanquished Creatures
  4 dart slugs
  An orc (D:3)
  6 ball pythons
  6 endoplasms
  3 goblins
  6 hobgoblins
  2 jackals (D:1)
  2 quokkas
  5 bats
  A frilled lizard (D:2)
  7 kobolds
  6 rats (D:1)
49 creatures vanquished.

Notes
Turn   | Place    | Note
-------+----------+-------------------------------------------
     0 | D:1      | Doomgape the Gargoyle Fighter began the quest for the Orb.
     0 | D:1      | Reached XP level 1. HP: 14/14 MP: 1/1
    85 | D:1      | Reached XP level 2. HP: 19/19 MP: 2/2
   488 | D:1      | Reached XP level 3. HP: 23/24 MP: 3/3
  1501 | D:3      | Found a broken altar of Ashenzari.
  1601 | D:3      | Reached XP level 4. HP: 29/29 MP: 4/4
  1664 | D:3      | Noticed Sigmund
  1698 | D:3      | Slain by Sigmund

Illustrated notes

Levels and vault maps discovered:
D:1:      minmay_arrival_glassed_features, layout_basic
D:2:      layout_rooms, nicolae_figureground_pulse
D:3:      layout_basic, mainiacjoe_overflow_cross_hatched, item_on_display_a,
          uniq_jessica, uniq_sigmund

Skill      XL: |  1  2  3 |
---------------+----------+-----
Fighting       | 4 |  4.1
Armour         | 4 |  4.0
Maces & Flails | |  2.8
Shields        | |  3.2

Action                     |  1- 3 |  4- 6 || total
---------------------------+-------+-------++-------
  Melee: Flail             |   126 |    19 ||   145
    Use: Scroll            |     5 |       ||     5
 Armour: Scale mail        |   102 |    24 ||   126
  Dodge: Dodged            |    63 |     2 ||    65
  Block: Buckler           |    27 |     3 ||    30
